Map: Void Training Stage 1

Players

Ratl - Winner!

  • Race: Terran Terran
  • Spawn Location: 5:00

Player 2

  • Race: Protoss Protoss
  • Spawn Location: 11:00

VOD

Have the link to the VOD?

Description

Time

  • Played on: Oct. 27, 2019, 11:31 a.m.
  • Length: 12:49
Show
View Real Time Build Order
Export as new Build Order

Ratl Terran - Winner!

Build Orders:  

Get SALT Encoding   

  12  0:29  Supply Depot  
  12  0:30  Supply Depot  
  12  0:33  SCV  
  13  0:45  SCV  
  14  0:57  SCV  
  15  1:06  Barracks  
  15  1:09  SCV  
  16  1:22  SCV  
  16  1:23  Refinery  
  17  1:34  SCV  
  18  1:46  SCV  
  19  1:49  Refinery  
  19  1:58  SCV  
  20  2:06  Marine  
  21  2:13  Orbital Command  
  21  2:24  Marine  
  22  2:37  Supply Depot  
  22  2:41  Marine  
  23  2:46  SCV  
  24  2:58  SCV  
  25  3:00  Barracks Tech Lab  
  25  3:01  Supply Depot  
  25  3:10  SCV  
  26  3:25  Barracks  
  26  3:34  Reaper  
  27  3:50  SCV  
  27  3:53  Command Center  
  28  4:06  Reaper  
  29  4:22  Barracks Reactor  
  29  4:23  Combat Shield  
  29  4:38  Marine  
  30  4:49  SCV  
  30  4:52  Command Center  
  31  4:56  Marine  
  32  5:05  Supply Depot  
  32  5:08  SCV  
  33  5:14  Marine  
  33  5:20  SCV  
  35  5:29  Supply Depot  
  35  5:32  Marine  
  35  5:33  SCV  
  37  5:36  Refinery  
  37  5:42  Stimpack  
  37  5:45  SCV, Marine x2  
  40  5:50  Marauder  
  40  5:53  Supply Depot  
  42  5:57  SCV  
  42  6:02  Marine, Refinery  
  42  6:03  Marine  
  45  6:05  SCV  
  45  6:09  SCV  
  47  6:14  Marine  
  47  6:16  Supply Depot  
  47  6:17  SCV  
  49  6:20  Marine x2  
  49  6:21  SCV  
  52  6:30  SCV  
  52  6:32  Marine  
  54  6:33  SCV  
  54  6:38  Marine  
  56  6:42  SCV x2  
  56  6:45  SCV  
  59  6:54  SCV x2  
  60  6:56  Marine  
  60  6:57  SCV  
  63  7:06  SCV x2  
  65  7:09  SCV  
  65  7:14  Marine  
  67  7:18  SCV  
  67  7:21  SCV  
  67  7:22  Concussive Shells  
  69  7:31  SCV  
  69  7:32  Marine  
  69  7:34  SCV  
  72  7:46  SCV  
  73  7:58  SCV  
  74  8:10  SCV  
  75  8:15  Refinery  
  75  8:17  Refinery  
  75  8:24  SCV  
  76  8:27  SCV  
  76  8:33  Marine x2  
  79  8:36  SCV  
  79  8:39  SCV  
  81  8:49  SCV  
  81  8:51  Marine x2, SCV  
  85  9:01  SCV  
  86  9:09  Marine x2  
  88  9:32  Marine  
  88  9:34  Marine x2  
  91  9:48  Command Center  
  91  9:50  Marine, Barracks  
  91  9:52  Marine x2  
  94  10:08  Marine  
  94  10:10  Marine x2  
  97  10:25  Marine  
  97  10:28  Marine x2  
  100  10:43  Marine  
  100  10:45  Marine x2  
  103  10:54  Supply Depot  
  101  11:01  Marine  
  101  11:03  Marine x2  
  103  11:12  SCV  
  103  11:16  Supply Depot  
  104  11:19  Marine  
  104  11:21  Marine x2  
  104  11:24  SCV  
  108  11:36  SCV  
  108  11:39  Marine x2  
  111  11:40  Supply Depot  
  110  11:48  SCV  
  110  11:52  Reaper  
  113  11:55  Barracks Reactor  
  113  11:57  Reaper x2  
  113  12:00  SCV  
  115  12:03  Supply Depot  
  115  12:12  SCV  
  116  12:24  Marine, SCV  
  116  12:25  Supply Depot  
  116  12:29  Marine x2  
  120  12:37  SCV  
  121  12:48  Supply Depot  
Show
View Real Time Build Order
Export as new Build Order

Player 2 Protoss 

Build Orders:  

Get SALT Encoding   

  12  0:00  Probe  
  13  0:13  Probe  
  14  0:20  Pylon  
  14  0:37  Assimilator  
  14  0:42  Gateway  
  14  0:46  Pylon  
  14  1:13  Assimilator  
  14  1:18  Probe  
  15  1:26  Probe  
  15  1:31  Cybernetics Core  
  16  1:34  Probe  
  17  1:44  Probe  
  18  1:56  Probe  
  18  1:57  Warp Gate  
  19  2:04  Probe  
  19  2:08  Stalker  
  22  5:17  Zealot  
  22  5:18  Probe  
  22  5:19  Pylon  
  25  5:30  Probe  
  27  5:42  Probe  
  27  5:54  Probe  
  26  6:07  Probe  
  26  6:09  Zealot  
  29  6:12  Pylon  
  29  6:15  Probe  
  30  7:01  Stalker  
  30  7:04  Nexus  
  32  8:13  Probe  
  33  8:22  Probe  
  34  8:27  Probe  
  34  8:31  Assimilator  
  35  8:34  Probe, Assimilator  
  36  8:45  Probe  
  37  8:53  Probe  
  38  9:00  Probe  
  39  9:07  Probe  
  40  9:12  Probe  
  40  9:21  Probe  
  41  9:25  Probe  
  42  9:36  Probe  
  43  9:39  Probe  
  44  9:50  Probe  
  45  9:57  Probe  
  45  10:04  Probe  
  46  10:35  Stalker  
  48  10:37  Gateway  
  48  10:38  Probe  
  42  10:43  Probe  
  33  10:52  Probe  
  29  11:04  Zealot  
  29  11:06  Probe  
  29  11:07  Pylon  
  29  11:19  Probe  
  28  11:29  Stalker  
  28  11:31  Probe  
  27  11:43  Probe  
  24  11:47  Nexus  
  21  11:55  Probe, Stalker  
  19  12:05  Pylon  
  19  12:07  Probe  
  16  12:19  Probe  
  16  12:21  Stalker  
Tags
 
Add a new tag
Caveats
  • Supply blocks, unpowered buildings, or Contaminate may cause inaccurate times.
  • Supply counts are checked every 10 seconds.